 Dungeon Crawl Stone Soup version 0.17.1-3-g152610e (webtiles) character file.

847 kaze the Shield-Bearer (level 8, 0/76 HPs)
             Began as a Gargoyle Fighter on Apr 1, 2016.
             Slain by an ogre
             ... wielding a +0 giant club
              (19 damage)
             ... on level 5 of the Dungeon.
             The game lasted 00:07:03 (3967 turns).

kaze the Shield-Bearer (Gargoyle Fighter)           Turns: 3967, Time: 00:07:03

Health: 0/76       AC: 24    Str: 22    XL:     8   Next: 1%
Magic:  13/13      EV:  2    Int:  9    God:    Xom [..*...]
Gold:   143        SH: 10    Dex:  9    Spells: 0 memorised, 13 levels left

rFire  . . .     SeeInvis .     v - +1 falchion (freeze)
rCold  . . .     Clarity  .     (armour currently unavailable)
rNeg   + + +     SustAt   .     c - +0 shield
rPois  ∞         Gourm    +     (helmet currently unavailable)
rElec  .         Spirit   .     (cloak currently unavailable)
rCorr  .         Warding  .     (gloves currently unavailable)
rMut   .         NoTele   +     (boots currently unavailable)
MR     .....                    s - amulet of the gourmand
Stlth  +++.......               (no ring)
                                (no ring)

@: tree-form, not resistant to hostile enchantments, fairly stealthy
A: blurry vision 1, negative energy resistance 1, (electricity resistance),
(unbreathing), petrification resistance, rot immunity, AC +5
a: Renounce Religion


You were on level 5 of the Dungeon.
You worshipped Xom.
You were a toy of Xom.
You were not hungry.
You were a tree.
You visited 1 branch of the dungeon, and saw 5 of its levels.

You collected 143 gold pieces.

Inventory:

Hand Weapons
 a - a +0 flail
 v - a +1 falchion of freezing (weapon)
Armour
 b - a +0 scale mail (melded)
 c - a +0 shield (worn)
 r - a +0 cloak (melded)
Jewellery
 s - an amulet of the gourmand (around neck)
 u - an uncursed amulet of rage
Scrolls
 f - 6 scrolls of teleportation
 k - 2 scrolls of identify
 m - 3 scrolls of remove curse
 q - a scroll of recharging
Potions
 g - a potion of lignification
 h - a potion of brilliance {unknown}
 j - a potion of curing {unknown}
 n - a potion of invisibility {unknown}
Books
 t - a book of Necromancy

   Spells                             Type                      Level
   a - Pain                           Necromancy                   1
   b - Animate Skeleton               Necromancy                   1
   c - Vampiric Draining              Necromancy                   3
   d - Regeneration                   Charms/Necromancy            3
   e - Animate Dead                   Necromancy                   4
   f - Control Undead                 Necromancy                   4
Comestibles
 e - 6 bread rations
 i - 3 fruits
 l - a beef jerky
 o - a meat ration


   Skills:
 + Level 6.0 Fighting
 + Level 0.3 Long Blades
 + Level 5.1 Maces & Flails
 + Level 3.3 Throwing
 + Level 6.3 Armour
 + Level 4.2 Dodging
 + Level 4.4 Stealth
 + Level 6.6 Shields
 + Level 3.6 Unarmed Combat
 + Level 3.3 Spellcasting


You had 13 spell levels left.
You didn't know any spells.

Dungeon Overview and Level Annotations

Branches:
Dungeon (5/15)
 Temple: D:4-7

Altars:
Ashenzari
Dithmenos
Fedhas
Ru
Vehumet
Xom
The Shining One

Annotations:
D:5 Prince Ribbit


Innate Abilities, Weirdness & Mutations

You are resistant to torment.
((Your stone body is resilient (AC +5).))
You are immune to poison.
You resist negative energy.
((You are resistant to electric shocks.))
((You can survive without breathing.))
You are immune to petrification.
You are immune to rotting.
Scrolls take you a little longer to read.


Message History

Prince Ribbit hits you!
* * * LOW HITPOINT WARNING * * *
Prince Ribbit blinks!
Prince Ribbit blinks!
Prince Ribbit blinks!
Drink which item? (? for menu, Esc to quit)
It was a potion of lignification.
You turn into a tree.
Your +0 cloak melds into your body.
Your +0 scale mail melds into your body.
Your roots penetrate the ground.
Prince Ribbit blinks!
You cannot move.
You hit the ogre. You freeze the ogre.
The ogre is moderately wounded.
You block the ogre's attack.
You slash the ogre! You freeze the ogre.
The ogre is severely wounded.
Xom grants you insight.
You detect creatures!
The ogre hits you with a giant club!!
You die...
Xom chuckles heartily!

##### #...#
####...#######
.....<........
####...###########
#...# ........#
#...# h#♣#
##...##### #O#
#......#.# #.#
#.#.##.#.###.#.#
#.#..........#.#
#.####.#######.#
#.........#
########..#F#
#.......<...#


You could see Prince Ribbit and an ogre.

Vanquished Creatures
  Menkaure (D:4)
  A phantom (D:4)
  A centaur (D:4)
  A scorpion (D:4)
  An orc priest (D:4)
  A jelly (D:4)
  An orc wizard (D:4)
  3 worker ants (D:4)
  7 adders
  3 worms
  3 giant geckos
  12 orcs
  3 giant cockroaches
  9 goblins
  6 hobgoblins
  6 jackals
  2 kobolds
  3 quokkas
  6 bats
  3 giant newts
  5 rats
78 creatures vanquished.

Notes
Turn   | Place    | Note
--------------------------------------------------------------
     0 | D:1      | kaze the Gargoyle Fighter began the quest for the Orb.
     0 | D:1      | Reached XP level 1. HP: 14/14 MP: 1/1
   155 | D:1      | Reached XP level 2. HP: 14/19 MP: 2/2
   532 | D:1      | Reached XP level 3. HP: 22/24 MP: 3/3
   645 | D:2      | Reached skill level 4 in Shields
   849 | D:2      | Found a shimmering altar of Xom.
   856 | D:2      | Became a worshipper of Xom of Chaos
   880 | D:2      | XOM: silly message
  1004 | D:2      | Reached XP level 4. HP: 29/29 MP: 4/4
  1010 | D:2      | Reached skill level 1 in Dodging
  1257 | D:2      | XOM: harmless Pois miscast
  1420 | D:2      | XOM: silly message
  1471 | D:3      | XOM: harmless Ice miscast
  1526 | D:3      | XOM is BORED!
  1526 | D:3      | XOM: mild Air miscast
  1651 | D:3      | XOM: divination: magic mapping
  1678 | D:3      | XOM: give mutation
  1678 | D:3      | Gained mutation: Scrolls take you a little longer to read. [Xom's mischief]
  1709 | D:3      | Found a shadowy altar of Dithmenos.
  1709 | D:3      | Found a shattered altar of Ashenzari.
  1710 | D:3      | Found a radiant altar of Vehumet.
  1723 | D:3      | Found a glowing golden altar of the Shining One.
  1815 | D:3      | XOM: scenery: create altars
  2135 | D:3      | XOM: silly message
  2219 | D:3      | Reached XP level 5. HP: 30/33 MP: 5/5
  2302 | D:4      | Noticed a centaur
  2302 | D:4      | XOM: enchant monster (good)
  2315 | D:4      | XOM: divination: magic mapping
  2329 | D:4      | Killed a centaur
  2597 | D:4      | Found a blossoming altar of Fedhas.
  2688 | D:4      | XOM: potion effect (brilliance)
  2692 | D:4      | XOM: potion effect (experience)
  2692 | D:4      | Reached skill level 5 in Fighting
  2692 | D:4      | Reached skill level 6 in Armour
  2692 | D:4      | Reached XP level 6. HP: 37/41 MP: 5/11
  2702 | D:4      | XOM: divination: detect creatures
  2724 | D:4      | Reached XP level 7. HP: 31/45 MP: 8/12
  2763 | D:4      | Noticed Menkaure
  2770 | D:4      | Killed Menkaure
  3123 | D:4      | XOM: noise
  3367 | D:4      | Reached skill level 5 in Maces & Flails
  3382 | D:4      | Found a sacrificial altar of Ru.
  3576 | D:4      | XOM: harmless Divn miscast
  3854 | D:4      | XOM: silly message
  3897 | D:4      | Reached XP level 8. HP: 23/51 MP: 13/13
  3918 | D:5      | Entered Level 5 of the Dungeon
  3940 | D:5      | Noticed Prince Ribbit
  3944 | D:5      | XOM: butterfly on damage
  3967 | D:5      | XOM: divination: detect creatures
  3967 | D:5      | Slain by an ogre

Action                   |  1- 3 |  4- 6 |  7- 9 || total
-------------------------+-------+-------+-------++-------
Melee: Mace              |    17 |       |       ||    17
       Flail             |   106 |   141 |    57 ||   304
       Falchion          |       |       |    49 ||    49
  Use: Scroll            |     2 |       |     4 ||     6
       Potion            |       |     2 |     1 ||     3
  Eat: Bread ration      |     1 |     1 |       ||     2
       Pizza             |       |       |     1 ||     1
